 Dungeon Crawl Stone Soup version 0.14-a0-1811-gdc2d5af (webtiles) character file.

1758 4tharraofdagon the Firebug (level 9, -1/57 HPs)
             Began as a Human Fire Elementalist on Jan 8, 2014.
             Was a Believer of Sif Muna.
             Killed from afar by a hobgoblin (22 damage)
             ... with a wand of draining
             ... on Level 7 of the Dungeon.
             The game lasted 00:16:24 (2378 turns).

4tharraofdagon the Firebug (HuFE)                   Turns: 2378, Time: 00:16:24

HP  -1/57        AC  2     Str 10      XL: 9   Next: 13%
MP  20/20        EV 11     Int 20      God: Sif Muna [**....]
Gold 193         SH  0     Dex 13      Spells:  5 memorised,  3 levels left

rFire  . . .     SeeInvis .     x - +1,+2 orc flail (pain)
rCold  . . .     Clarity  .     q - +0 robe (curse)
rNeg   . . .     Conserve .     (no shield)
rPois  .         rCorr    .     (no helmet)
rElec  .         rRot     .     (no cloak)
SustAb + .       Spirit   .     (no gloves)
rMut   .         Warding  .     (no boots)
Saprov . . .     Stasis   .     (no amulet)
                                A - +2 ring of intelligence
                                k - ring of sustain abilities {unknown}

@: drained, slightly resistant to hostile enchantments, unstealthy
A: no striking features
a: Channel Energy, Forget Spell, Renounce Religion


You were on level 7 of the Dungeon.
You worshipped Sif Muna.
Sif Muna was pleased with you.
You were not hungry.

You visited 1 branch of the dungeon, and saw 8 of its levels.

You collected 193 gold pieces.

Inventory:

Hand weapons
 j - a -1,+1 orcish battleaxe
 l - a +0,+0 dagger
 x - a +1,+2 orcish flail of pain (weapon)
Armour
 a - a +0 robe
 q - a cursed +0 robe (worn)
 y - a +0 leather armour
Comestibles
 c - a bread ration
 n - a meat ration
Scrolls
 d - a scroll of fear {unknown}
 f - a scroll of random uselessness {unknown}
 g - 7 scrolls of remove curse
 h - a scroll of curse weapon {unknown}
 i - a scroll of enchant weapon I {unknown}
 m - 2 scrolls of fog {unknown}
 o - 2 scrolls of identify {unknown}
 z - 2 scrolls of teleportation {unknown}
 B - a scroll of recharging {unknown}
 D - a scroll of blinking {unknown}
Jewellery
 k - a ring of sustain abilities (left hand) {unknown}
 A - a +2 ring of intelligence (right hand)
 E - an uncursed ring of flight
Potions
 e - a potion of curing
 r - 2 potions of heal wounds
 s - a potion of confusion {unknown}
 v - a potion of restore abilities {unknown}
 w - 2 potions of lignification {unknown}
 C - a potion of agility {unknown}
Books
 b - a book of Flames

   Spells                             Type                      Level
   *Flame Tongue                      Conjuration/Fire             1
   Throw Flame                        Conjuration/Fire             2
   *Conjure Flame                     Conjuration/Fire             3
   Inner Flame                        Hexes/Fire                   3
   *Sticky Flame                      Conjuration/Fire             4
   *Fireball                          Conjuration/Fire             5
 t - a book of Transfigurations

   Spells                             Type                      Level
   Stoneskin                          Transmutation/Earth          2
   Ice Form                           Ice/Transmutation            4
   Statue Form                        Transmutation/Earth          6
   Dragon Form                        Transmutation                7
 u - a book of Burglary

   Spells                             Type                      Level
   *Apportation                       Translocation                1
   Swiftness                          Charms/Air                   2
   Passwall                           Transmutation/Earth          3
   Passage of Golubria                Translocation                4
   Lee's Rapid Deconstruction         Earth                        5
   Darkness                           Hexes                        7
Magical staves
 p - an uncursed staff of cold


   Skills:
 - Level 2.0(0.9) Dodging
 - Level 2.0(0.9) Stealth
 + Level 4.7(3.5) Spellcasting
 + Level 5.8(4.6) Conjurations
 * Level 1.4(0.3) Translocations
 + Level 6.3(5.1) Fire Magic
 * Level 5.3(4.1) Invocations


You had 3 spell levels left.
You knew the following spells:

 Your Spells              Type           Power        Failure   Level  Hunger
a - Flame Tongue          Conj/Fire      ###..        1%          1    None
b - Conjure Flame         Conj/Fire      ###.....     8%          3    ###....
c - Sticky Flame          Conj/Fire      ###.....     21%         4    ####...
d - Fireball              Conj/Fire      ###.......   58%         5    #####..
e - Apportation           Tloc           #.........   14%         1    None


Dungeon Overview and Level Annotations

Branches:
Dungeon (8/16)             Temple (0/1) D:6
   Lair: D:8-11

Altars:
Fedhas
Makhleb
Sif Muna


Message History

A crimson imp and a zombie come into view.
Put on which piece of jewellery? (? for menu, Esc to quit)
Okay, then.
Put on which piece of jewellery? (? for menu, Esc to quit)
You're wearing all the rings you can.
Remove which one? (? for menu, Esc to cancel) < or
E - a ring of flight; > or
A - a +2 ring of intelligence You remove your ring of flight.
k - a cabochon ring (left hand) {tried} A hobgoblin comes into view.
The hobgoblin shouts!
The hobgoblin moves out of view.
A hound comes into view.
The hobgoblin zaps a wand.
The bolt of negative energy hits you!
You feel drained.
There is a stone staircase leading down here.
Unknown command.
The hobgoblin zaps a wand.
The bolt of negative energy hits you!
You feel drained.
You die...

#...........# #...###
#...........# #...#
#..g........# #...#
#...######..###...# #...#
#........# ######...#
#........### .........#
#..####.....
.........######..# #.....
######...@.......####.....
#....................
#########.%...)..............
#..........%%................
#...........#####............
#...........#####....##......
########.............##......
#.............##......
#.............##......


You could see a hobgoblin.

Vanquished Creatures
  An item mimic (D:7)
  The ghost of 4tharraofdagon the Twirler, an average HEGl (D:5)
  A phantom (D:5)
  A sky beast (D:5)
  2 ice beasts (D:5)
  An ogre (D:4)
  A giant frog (D:6)
  A giant frog zombie (D:5)
  A scorpion (D:7)
  2 hounds
  4 orc priests
  2 iguanas
  3 worker ants (D:5)
  2 orc wizards (D:6)
  A hound skeleton (D:7)
  4 gnolls
  4 adders
  A giant mite (D:5)
  A giant eyeball (D:7)
  3 giant geckos
  An ooze (D:4)
  12 orcs
  6 bats
  A bat zombie (D:5)
  3 giant cockroaches
  4 goblins
  2 hobgoblins
  4 kobolds
  2 giant newts
  A hobgoblin skeleton (D:5)
  3 quokkas
  7 rats
  A rat skeleton (D:5)
  A rat zombie (D:5)
85 creatures vanquished.

Notes
Turn   | Place    | Note
--------------------------------------------------------------
     0 | D:1      | 4tharraofdagon, the Human Fire Elementalist, began the quest for the Orb.
     0 | D:1      | Reached XP level 1. HP: 13/13 MP: 3/3
   151 | D:1      | Reached XP level 2. HP: 13/19 MP: 1/4
   321 | D:2      | Found a blossoming altar of Fedhas.
   420 | D:4      | Reached XP level 3. HP: 20/24 MP: 4/6
   425 | D:4      | Learned a level 3 spell: Conjure Flame
   436 | D:5      | Entered Level 5 of the Dungeon
   436 | D:5      | Noticed an ice beast
   634 | D:4      | Noticed an ogre
   713 | D:4      | WTF
   824 | D:4      | Killed an ogre
   824 | D:4      | Reached XP level 4. HP: 11/30 MP: 1/8
   824 | D:4      | Reached XP level 5. HP: 12/35 MP: 1/10
   843 | D:4      | Learned a level 4 spell: Sticky Flame
   891 | D:4      | Reached skill level 4 in Fire Magic
  1007 | D:5      | Found a deep blue altar of Sif Muna.
  1027 | D:5      | Became a worshipper of Sif Muna the Loreminder
  1034 | D:5      | Found a burning altar of Makhleb.
  1069 | D:5      | Reached XP level 6. HP: 28/41 MP: 1/13
  1093 | D:5      | Noticed an ice beast
  1154 | D:5      | Killed an ice beast
  1217 | D:5      | Noticed a sky beast
  1246 | D:5      | Killed a sky beast
  1246 | D:5      | Reached skill level 5 in Fire Magic
  1246 | D:5      | Reached XP level 7. HP: 19/46 MP: 6/15
  1342 | D:5      | Killed an ice beast
  1342 | D:5      | Acquired Sif Muna's first power
  1420 | D:5      | Reached skill level 1 in Invocations
  1421 | D:5      | Noticed a phantom
  1425 | D:5      | Noticed 4tharraofdagon's ghost (average HEGl)
  1429 | D:5      | Killed a phantom
  1429 | D:5      | Reached skill level 5 in Conjurations
  1476 | D:5      | Killed 4tharraofdagon's ghost
  1476 | D:5      | Reached XP level 8. HP: 27/52 MP: 11/18
  1546 | D:6      | Learned a level 5 spell: Fireball
  1679 | D:7      | Killed a scroll mimic
  1679 | D:7      | Acquired Sif Muna's second power
  1679 | D:7      | Reached skill level 6 in Fire Magic
  1843 | D:6      | Learned a level 1 spell: Apportation
  2055 | D:7      | Reached XP level 9. HP: 57/57 MP: 14/20
  2086 | D:6      | Reached skill level 1 in Translocations
  2109 | D:6      | Reached skill level 5 in Invocations
  2187 | D:6      | Found a staircase to the Ecumenical Temple.
  2305 | D:7      | Paralysed by a giant eyeball for 3 turns
  2314 | D:7      | Paralysed by a giant eyeball for 2 turns
  2378 | D:7      | Killed from afar by a hobgoblin

Action                   |  1- 3 |  4- 6 |  7- 9 || total
-------------------------+-------+-------+-------++-------
Melee: Unarmed           |     1 |       |       ||     1
       Battleaxe         |    17 |    14 |    16 ||    47
       Flail             |       |       |     7 ||     7
 Cast: Flame Tongue      |    45 |    33 |    59 ||   137
       Conjure Flame     |       |     3 |     4 ||     7
       Sticky Flame      |       |     1 |    23 ||    24
Invok: Channel Energy    |       |       |    32 ||    32
  Use: Scroll            |     1 |       |     1 ||     2
       Potion            |     2 |       |     2 ||     4
 Stab: Sleeping          |     1 |       |       ||     1
